 Dungeon Crawl Stone Soup version 0.29.1-12-g30fa7ad0bf (webtiles) character file.

Game seed: 11116350703769945709

37540 sweetbreads the Jinx (level 13, -14/68 HPs)
             Began as a Spriggan Enchanter on Jan 6, 2023.
             Demolished by a minotaur
             ... wielding a +2 spectral quarterstaff
              (35 damage)
             ... in a Gauntlet on Jan 7, 2023.
             The game lasted 01:33:39 (18810 turns).

sweetbreads the Jinx (Spriggan Enchanter)          Turns: 18810, Time: 01:33:40

Health: -14/68     AC:  8    Str:  4    XL:     13   Next: 59%
Magic:  15/27      EV: 25    Int: 21    God:
Gold:   857        SH:  0    Dex: 21    Spells: 22/31 levels left

rFire   + . .      SeeInvis +   a - +3 dagger (elec)
rCold   + . .      Faith    .   (no shield)
rNeg    + . .      Spirit   .   B - +2 robe {rC+ rF+}
rPois   .          Reflect  .   (helmet restricted)
rElec   .          Harm     .   q - scarf {+Inv}
rCorr   +          Rampage  .   (gloves unavailable)
Will    ++...      NoTele   +   (boots unavailable)
Stlth   ++++......              k - amulet of regeneration
HPRegen 1.01/turn               h - +4 ring of protection
MPRegen 0.20/turn               J - ring "Biyresh Gieb" {Drain rN+ rCorr Dex+5}

@: confusing by touch, hasted, very quick
A: very small, no large weapons, unfitting armour, see invisible, speed 3
a: Evoke Invisibility


You were in a Gauntlet.
You visited 4 branches of the dungeon, and saw 17 of its levels.
You also visited: Ossuary and Gauntlet.

You collected 987 gold pieces.
You spent 130 gold pieces at shops.

Inventory:

Hand Weapons
 a - a +3 dagger of electrocution (weapon)
 b - a +2 dagger of venom
 c - a +2 rapier of draining
 d - a +2 short sword of speed
 g - a +1 shortbow of freezing
 v - a +0 whip of venom
 H - a +0 spectral quarterstaff
 K - a +2 war axe
 N - a +4 trident
 R - a +2 hand axe of distortion
Missiles
 m - 41 poisoned darts (quivered)
 p - a curare-tipped dart
Armour
 q - a scarf of invisibility (worn)
 B - a +2 robe of resistance (worn)
 I - a +2 robe of positive energy
Jewellery
 h - a +4 ring of protection (left hand)
 i - a +6 ring of strength
 k - an amulet of regeneration (around neck)
 z - a ring of wizardry
 J - the ring "Biyresh Gieb" (right hand) {Drain rN+ rCorr Dex+5}
   (You found it on level 6 of the Dungeon)

   [ring of resist corrosion]

   Dex:       It affects your dexterity (+5).
   rN:        It protects you from negative energy.
   rCorr:     It protects you from acid and corrosion.
   Drain:     It drains your maximum health when unequipped.
 Y - a +4 ring of protection
Wands
 o - a wand of polymorph (6)
 y - a wand of mindburst (15)
 C - a wand of iceblast (17)
 D - a wand of flame (47)
 L - a wand of light (7)
 O - a wand of paralysis (25)
Scrolls
 e - 7 scrolls of teleportation
 j - a scroll of fog
 l - 5 scrolls of blinking
 r - 3 scrolls of amnesia
 A - a scroll of magic mapping
 P - a scroll of summoning
 Q - 5 scrolls of identify
 S - a scroll of enchant armour
 T - 2 scrolls of brand weapon {unknown}
Potions
 f - 6 potions of curing
 n - 3 potions of magic
 s - 2 potions of mutation {unknown}
 u - 2 potions of resistance {unknown}
 w - 2 potions of berserk rage {unknown}
 E - 2 potions of flight {unknown}
 F - 4 potions of lignification
 G - 3 potions of haste
 M - 3 potions of invisibility
 U - 2 potions of cancellation {unknown}
 V - 4 potions of brilliance
Miscellaneous
 x - a phantom mirror
 W - a piece from Xom's chessboard (15/15)
 X - a box of beasts


   Skills:
 - Level 8.0 Fighting
 - Level 10.0 Short Blades
 * Level 9.3 Dodging
 - Level 8.0 Stealth
 * Level 9.5 Spellcasting
 - Level 14.0 Hexes
 * Level 9.2 Necromancy
 * Level 9.3 Evocations


You had 22 spell levels left.
You knew the following spells:

 Your Spells              Type           Power      Damage    Failure   Level
a - Ensorcelled Hibernat  Hex/Ice        78%        N/A       1%          2
b - Confusing Touch       Hex            62%        N/A       1%          3
c - Tukima's Dance        Hex            62%        N/A       1%          3
A - Necrotise             Necr           100%       1d9       1%          1

Your spell library contained the following spells:

 Spells                   Type           Power      Damage    Failure   Level
 Dazzling Flash           Conj/Hex       78%        N/A       1%          3
 Summon Guardian Golem    Hex/Summ       39%        N/A       1%          3
 Animate Dead             Necr           48%        N/A       1%          4
 Apportation              Tloc           18%        N/A       7%          1
 Summon Small Mammal      Summ           36%        N/A       7%          1
 Silence                  Hex/Air        19%        N/A       11%         5
 Call Canine Familiar     Summ           9%         N/A       21%         3
 Gell's Gravitas          Tloc           9%         N/A       21%         3
 Ignite Poison            Fire/Tmut/Pois 9%         N/A       21%         3
 Lesser Beckoning         Tloc           9%         N/A       21%         3
 Mephitic Cloud           Conj/Pois/Air  9%         N/A       21%         3
 Teleport Other           Tloc           9%         N/A       21%         3
 Passage of Golubria      Tloc           9%         N/A       56%         4
 Simulacrum               Ice/Necr       14%        N/A       83%         6
 Freezing Cloud           Conj/Ice/Air   4%         6-21      88%         5
 Haunt                    Necr/Summ      14%        N/A       100%        7
 Infestation              Necr           24%        N/A       100%        8
 Lehudib's Crystal Spear  Conj/Erth      4%         10d3      100%        8
 Polar Vortex             Ice            4%         N/A       100%        9


Dungeon Overview and Level Annotations

Branches:
Dungeon (10/15)            Temple (1/1) D:4            Lair (5/5) D:9
  Swamp (0/4) Lair:2        Snake (1/4) Lair:3        Slime (0/5) Lair:5
    Orc (0/2) D:9         Ossuary (visited)         Gauntlet (1/1)

Altars:
Ashenzari
Cheibriados
Dithmenos
Elyvilon
Fedhas
Gozag
Hepliaklqana
Kikubaaqudgha
Makhleb
Nemelex Xobeh
Okawaru
Qazlal
Ru
Sif Muna
Trog
Uskayaw
Vehumet
Wu Jian
Xom
Yredelemnul
Zin
The Shining One

Shops:
D:3 (

Annotations:
D:9 1 runed translucent door, Xeneth's ghost, journeyman MiFi Gauntlet 8 transporters


Innate Abilities, Weirdness & Mutations

You are very small and have problems with some larger weapons.
You are too small for most types of armour.
You have supernaturally acute eyesight. (SInv)
You cover ground extremely quickly. (Speed+++)


Message History

The minotaur resists with almost no effort.
The minotaur throws a silver javelin.
The silver javelin pierces through you!!
Unknown command.
You feel much better.
There is an open door here.
Found a wand of flame (10).
You close the door.
You open the door.
Casting: Tukima's Dance (safe; 1% risk of failure)
Confirm with . or Enter, or press ? or * to list all spells.
Aiming: Ensorcelled Hibernation (safe; 1% risk of failure)
Press: ? - help, Shift-Dir - straight line, f/p - minotaur
Aim: a minotaur, wielding a +2 spectral quarterstaff, wearing the +3 ring mail of the Immovable Bounties {rElec Will+} and quivering silver javelins (chance to affect: 0%)
Okay, then.
Casting: Ensorcelled Hibernation (safe; 1% risk of failure)
Confirm with . or Enter, or press ? or * to list all spells.
Your hands begin to glow red.
The minotaur hits you with a +2 spectral quarterstaff.
The minotaur closely misses you.
You hit the minotaur but do no damage. You hit the minotaur but do no damage.
The minotaur misses you. The minotaur gores you!
You hit the minotaur but do no damage. You hit the minotaur but do no damage.
The minotaur closely misses you. The minotaur misses you.
You hit the minotaur but do no damage. You hit the minotaur but do no damage.
The minotaur hits you with a +2 spectral quarterstaff!!
Ouch! That really hurt!
* * * LOW HITPOINT WARNING * * *
The minotaur gores you but does no damage.
You feel much better.
The minotaur hits you with a +2 spectral quarterstaff!
* * * LOW HITPOINT WARNING * * *
The minotaur closely misses you.
You feel yourself speed up.
The minotaur hits you with a +2 spectral quarterstaff!!
Ouch! That really hurt!
You die...

###+## ###..⌠.#
/'⌠...# #...⌠+
#.∩..# #@#
#######H#######
#.............#
#.###.###.###.#
#.....H.......#
###.###.###.###
###.###.###.###
#.............#
##...©.©.©...##


You could see a minotaur.

Vanquished Creatures
  Erolcha (D:9)
  A hydra (Lair:2)
  A catoblepas (Lair:4)
  3 two-headed ogres
  2 fire crabs
  Amaemon (D:8)
  A deep troll (D:10)
  Pikel (D:9)
  A deep elf pyromancer (D:8)
  The ghost of sigtrap the Covert, a novice SpCj (D:7)
  6 elephants
  7 black mambas
  The ghost of Sanktem7 the Trooper, a novice MiFi (D:4)
  A vault sentinel (D:7)
  A torpor snail (Lair:4)
  An orange demon (D:8)
  6 cane toads
  3 komodo dragons
  2 rime drakes
  A kobold demonologist (D:9)
  An unseen horror skeleton (D:7)
  3 trolls
  5 blink frogs (Lair:2)
  7 polar bears
  A hornet (D:9)
  2 dream sheep (Lair:4)
  31 yaks
  6 fire bats (Gauntlet)
  A wyvern (Lair:4)
  5 basilisks
  4 vampire mosquitoes (D:9)
  A steam dragon (D:9)
  Menkaure (D:7)
  A harpy simulacrum (Gauntlet)
  4 nagas
  2 acid dragons
  12 water moccasins
  3 hell hounds (Gauntlet)
  3 orc warriors
  6 black bears (Lair:1)
  8 wolves (Lair:1)
  8 centaurs
  2 elf zombies (Ossuary)
  3 phantoms
  7 kobold brigands (D:9)
  11 bullfrogs
  4 necrophages
  4 scorpions (D:5)
  10 wights
  A killer bee (D:9)
  4 howler monkeys
  2 centaur zombies (Ossuary)
  3 orc priests (D:9)
  2 hounds (D:5)
  3 jellies
  A gnoll bouda (D:5)
  7 iguanas
  5 orc wizards
  5 centaur simulacra
  A spectral howler monkey (D:7)
  2 mummies (Ossuary)
  A howler monkey zombie (D:7)
  8 gnolls
  5 adders
  A white imp (D:6)
  2 ufetubi (D:6)
  An adder zombie (Ossuary)
  2 worms
  A dart slug (D:4)
  25 orcs
  6 ball pythons
  5 bats
  8 endoplasms
  2 giant cockroaches (D:2)
  3 goblins
  6 hobgoblins
  16 jackals
  16 kobolds
  A quokka (D:2)
  3 frilled lizards
  A goblin zombie (Ossuary)
  11 hobgoblin zombies (Ossuary)
  2 jackal zombies (Ossuary)
  11 kobold zombies (Ossuary)
  7 orc zombies (Ossuary)
  3 rats
381 creatures vanquished.

Vanquished Creatures (collateral kills)
  3 two-headed ogres
  A vault sentinel (D:7)
  6 wights
  An orc priest (D:7)
  2 orc wizards (D:7)
  An orc (D:7)
14 creatures vanquished.

Vanquished Creatures (others)
  5 dancing weapons
  22 demonic plants (Gauntlet)
  2 fungi (Lair:2)
  13 plants
  5 toadstools (D:1)
47 creatures vanquished.

Grand Total: 442 creatures vanquished

Notes
Turn   | Place    | Note
-------+----------+-------------------------------------------
     0 | D:1      | sweetbreads the Spriggan Enchanter began the quest for the
                  | Orb.
     0 | D:1      | Reached XP level 1. HP: 9/9 MP: 5/5
   341 | D:2      | Reached XP level 2. HP: 13/13 MP: 6/6
   365 | D:2      | Learned a level 2 spell: Ensorcelled Hibernation
   517 | D:1      | Found a faded altar of an unknown god.
   720 | D:2      | Reached skill level 4 in Hexes
   885 | D:2      | Reached skill level 5 in Stealth
  1608 | D:3      | Reached XP level 3. HP: 16/16 MP: 8/8
  1612 | D:3      | Learned a level 3 spell: Confusing Touch
  1617 | D:3      | Learned a level 3 spell: Tukima's Dance
  2532 | D:3      | Found a hazy altar of Hepliaklqana.
  2537 | D:3      | Found an iron altar of Okawaru.
  2977 | D:3      | Found Fejuten's Antique Weapon Shop.
  3109 | D:3      | Reached XP level 4. HP: 21/21 MP: 1/9
  3683 | D:3      | Found a burning altar of Makhleb.
  3683 | D:3      | Noticed a green death
  3686 | D:3      | Noticed a smoke demon
  3686 | D:3      | Noticed a hellwing
  3885 | D:4      | Noticed a two-headed ogre
  3886 | D:4      | Reached XP level 5. HP: 24/24 MP: 4/11
  4270 | D:4      | Found a transporter.
  4274 | D:4      | Found a transporter.
  4274 | D:4      | Noticed Sanktem7's ghost (novice MiFi)
  4631 | D:4      | Found a staircase to the Ecumenical Temple.
  4640 | Temple   | Entered the Ecumenical Temple
  4928 | D:5      | Entered Level 5 of the Dungeon
  4972 | D:5      | Reached XP level 6. HP: 28/28 MP: 9/14
  4999 | D:5      | Reached skill level 5 in Spellcasting
  5093 | D:5      | Reached skill level 5 in Hexes
  5385 | D:5      | Reached XP level 7. HP: 32/32 MP: 15/17
  5626 | D:5      | Reached skill level 6 in Hexes
  5699 | D:5      | Reached skill level 1 in Fighting
  5699 | D:5      | Reached skill level 7 in Hexes
  5906 | D:5      | Reached XP level 8. HP: 37/37 MP: 15/18
  6119 | D:6      | Reached skill level 8 in Hexes
  6324 | D:6      | Found a sand-covered staircase.
  6333 | Ossuary  | Entered an ossuary
  6338 | Ossuary  | Learned a level 1 spell: Necrotise
  6655 | Ossuary  | Reached skill level 9 in Hexes
  6896 | D:6      | Reached skill level 5 in Short Blades
  7065 | D:6      | Found a shadowy altar of Dithmenos.
  7215 | D:6      | Identified the ring "Biyresh Gieb" {Drain rN+ rCorr Dex+5}
  7335 | D:6      | Found a shimmering altar of Xom.
  7734 | D:6      | Reached XP level 9. HP: 15/43 MP: 16/19
  8039 | D:7      | Noticed a vault sentinel
  8040 | D:7      | Noticed Menkaure
  8043 | D:7      | Killed a vault sentinel
  8043 | D:7      | Noticed a vault sentinel
  8044 | D:7      | Reached skill level 10 in Hexes
  8121 | D:7      | Found the +18 shield of the Gong {rElec rN+ Will+ EV-5}
  8226 | D:7      | Found a glowing golden altar of the Shining One.
  8226 | D:7      | Found a glowing silver altar of Zin.
  8226 | D:7      | Found a white marble altar of Elyvilon.
  8305 | D:7      | Found a runed translucent gate.
  8321 | D:7      | Found a runed translucent gate.
  8321 | D:7      | Found a runed translucent gate.
  8322 | D:7      | Noticed sigtrap's ghost (novice SpCj)
  8603 | D:7      | Killed a vault sentinel
  8604 | D:7      | Reached skill level 11 in Hexes
  8741 | D:8      | Noticed a deep elf pyromancer
  8743 | D:8      | Noticed a troll
  8753 | D:8      | Noticed a two-headed ogre
  8917 | D:3      | Bought a glowing dagger for 130 gold pieces
  8946 | D:4      | Killed a two-headed ogre
  8947 | D:4      | Reached skill level 12 in Hexes
  9181 | D:7      | Killed Menkaure
  9255 | D:8      | Noticed Amaemon
  9257 | D:8      | Noticed an orange demon
  9373 | D:8      | Reached XP level 10. HP: 31/49 MP: 20/20
  9437 | D:8      | Reached skill level 5 in Dodging
  9517 | D:8      | Killed a two-headed ogre
  9518 | D:8      | Reached skill level 13 in Hexes
  9518 | D:8      | Reached skill level 1 in Necromancy
  9533 | D:8      | Killed a deep elf pyromancer
  9647 | D:8      | Noticed a two-headed ogre
  9659 | D:8      | Killed a two-headed ogre
  9860 | D:9      | Found a runed translucent door.
  9860 | D:9      | Noticed Xeneth's ghost (journeyman MiFi)
  9955 | D:9      | Noticed Pikel
  9967 | D:9      | Killed Pikel
  9968 | D:9      | Reached skill level 14 in Hexes
 10017 | D:9      | Noticed a two-headed ogre
 10017 | D:9      | Noticed a two-headed ogre
 10022 | D:9      | Killed a two-headed ogre
 10206 | D:4      | Killed Sanktem7's ghost
 10438 | D:7      | Killed sigtrap's ghost
 10439 | D:7      | Reached skill level 5 in Fighting
 10439 | D:7      | Reached XP level 11. HP: 54/55 MP: 15/21
 10696 | D:8      | Killed Amaemon
 10895 | D:9      | Found a sacrificial altar of Ru.
 10987 | D:9      | Reached skill level 5 in Necromancy
 11050 | D:9      | Found a staircase to the Lair.
 11128 | D:8      | Killed a two-headed ogre
 11328 | D:9      | Noticed Erolcha
 11419 | D:9      | Noticed a two-headed ogre
 11426 | D:9      | Killed a two-headed ogre
 11724 | D:9      | Found a staircase to the Orcish Mines.
 11858 | D:9      | Reached skill level 1 in Evocations
 12075 | D:9      | Killed Erolcha
 12164 | D:10     | Entered Level 10 of the Dungeon
 12403 | D:9      | Reached XP level 12. HP: 60/63 MP: 18/22
 12515 | D:10     | Noticed a two-headed ogre
 13575 | Lair:1   | Entered Level 1 of the Lair of Beasts
 13600 | Lair:1   | Reached skill level 5 in Evocations
 14998 | Lair:2   | Reached skill level 10 in Short Blades
 15027 | Lair:2   | Noticed a seven-headed hydra
 15055 | Lair:2   | Killed a seven-headed hydra
 15267 | Lair:2   | Found a staircase to the Swamp.
 15648 | Lair:3   | Found a staircase to the Snake Pit.
 15671 | Lair:3   | Reached XP level 13. HP: 68/68 MP: 16/23
 16907 | Snake:1  | Entered Level 1 of the Snake Pit
 18345 | Lair:5   | Entered Level 5 of the Lair of Beasts
 18359 | Lair:5   | Found a gate leading to a gauntlet.
 18366 | Gauntlet | Entered a Gauntlet
 18366 | Gauntlet | Found a transporter.
 18369 | Gauntlet | Found a transporter.
 18381 | Gauntlet | Found a transporter.
 18385 | Gauntlet | Found a transporter.
 18407 | Gauntlet | Found a transporter.
 18417 | Gauntlet | Found a transporter.
 18431 | Gauntlet | Found a transporter.
 18435 | Gauntlet | Found a transporter.
 18438 | Gauntlet | Found a transporter.
 18438 | Gauntlet | Found a transporter.
 18444 | Gauntlet | Found a transporter.
 18476 | Gauntlet | Found a transporter.
 18785 | Gauntlet | Identified the +3 ring mail of the Immovable Bounties
                  | {rElec Will+}
 18785 | Gauntlet | Noticed a minotaur
 18810 | Gauntlet | Demolished by a minotaur

Illustrated notes

Levels and vault maps discovered:
D:1:      ldierk_walled_garden, layout_basic,
          shapermc_ecumenical_altar_notcrosses, minmay_misc_feat_chi,
          minmay_octomino_j4
D:2:      layout_basic
D:3:      layout_basic, makhleb_altar_promises_db, minitemple, serial_shops,
          nicolae_shop_hallway_plus, wad_rectangle_vault
D:4:      layout_cave_pools, minmay_temple_entry_statues_fountains,
          gammafunk_ghost_arena
D:5:      minmay_octagon_keep, layout_basic, serial_glass, glass_columns_b,
          glass_columns_c, glass_columns_b, glass_columns_b, glass_columns_c,
          glass_columns_b, glass_columns_a, glass_columns_c,
          serial_park_tiny_pond, serial_park_tiny_1
D:6:      layout_loops_corners, mainiacjoe_overflow_alcove_4,
          grunt_dithmenos_shadows, nicolae_ossuary_entry_plus,
          kennysheep_generic_room_9
D:7:      layout_rooms, good_gods_mini_temple, serial_glass, glass_columns_b,
          glass_columns_a, gammafunk_ghost_necromancy,
          hellmonk_guarded_unrand_gong, uniq_menkaure
D:8:      layout_cave_pools, minmay_radiant, uniq_amaemon
D:9:      layout_roguey, nicolae_ru_sacrificial_ziggurat, david_lair_generic,
          special_room [special_room_kobold], hellmonk_ghost_happy_afterlife,
          minmay_increasing_density, uniq_erolcha, uniq_pikel
D:10:     dreamdust_cave_troll, layout_long_grid, grunt_ministairs_9
Temple:   hellmonk_temple_forest_ring
Lair:1:   beast_lair_carwin_large_3, layout_gridlike
Lair:2:   layout_loops_ring, swamp_mist_pool, grunt_megastairs_5
Lair:3:   layout_cave_pods, guppyfry_snake_entry_garden, beast_lair_carwin_11
Lair:4:   layout_small_grid, grunt_megastairs_2, lemuel_fruit_tree
Lair:5:   hellmonk_lair_end_abyssal_woods, layout_cave_shapes, slime_entry_1,
          gauntlet_entry_generic
Snake:1:  layout_grid_maze, serial_shops,
          nicolae_shop_competitors_out_of_business, nicolae_snake_bzzzt
Gauntlet: minmay_gauntlet_mixed_oops_all_seconds [minmay_gauntlet_arena_77_mess,
          gammafunk_gauntlet_arena_hedges, minmay_gauntlet_arena_77_block_sizes,
          gammafunk_gauntlet_arena_spirals, minmay_gauntlet_arena_77_p_blocks,
          gammafunk_gauntlet_arena_crates, gauntlet_exit_hidden_loot]

Skill      XL: |  1  2  3  4  5  6  7  8  9 10 11 12 13 |
---------------+----------------------------------------+-----
Hexes          | 4 5 7 9 12 14 | 14.0
Dodging        | 3 4 8 9 |  9.3
Stealth        | 5 6 7 8 |  8.0
Spellcasting   | 3 4 6 9 |  9.5
Short Blades   | 2 5 6 10 | 10.0
Fighting       | 1 2 4 5 8 |  8.0
Necromancy     | 3 6 8 9 |  9.2
Evocations     | 3 8 9 |  9.3

Action                   |  1- 3 |  4- 6 |  7- 9 | 10-12 | 13-15 || total
-------------------------+-------+-------+-------+-------+-------++-------
Melee: Dagger            |   103 |    66 |   508 |   582 |   177 ||  1436
       Punch             |     3 |       |    10 |    13 |     3 ||    29
Throw: Dart              |     2 |       |       |       |       ||     2
 Cast: Ensorcelled Hiber |    24 |    39 |    34 |   101 |    58 ||   256
       Confusing Touch   |       |     1 |    18 |    13 |     3 ||    35
       Tukima's Dance    |       |       |    13 |    21 |     4 ||    38
       Necrotise         |       |       |       |     3 |       ||     3
 Abil: Evoke Invisibilit |       |       |       |       |     1 ||     1
  Use: Scroll            |       |       |    16 |     4 |     3 ||    23
       Potion            |       |       |       |     1 |     5 ||     6
 Stab: Sleeping          |    26 |    31 |    29 |    66 |    42 ||   194
       Distracted        |     1 |       |     2 |     3 |       ||     6
       Confused          |       |     1 |    17 |    10 |     2 ||    30
Armor: Robe              |    14 |    15 |   113 |    81 |    23 ||   246
Dodge: Dodged            |    87 |    70 |   361 |   544 |   148 ||  1210
